 Dungeon Crawl Stone Soup version 0.31-a0-95-g6fa058ef04 (webtiles) character file.

Game seed: 17646227442837222086

37 frimble the Trooper (level 3, 0/26 HPs)
             Began as an Octopode Warper on May 25, 2023.
             Succumbed to an adder's poison
             ... on level 2 of the Dungeon.
             The game lasted 00:01:04 (1212 turns).

frimble the Trooper (Octopode Warper)               Turns: 1212, Time: 00:01:05

Health: 0/26       AC:  1    Str:  7 (10) XL:     3   Next: 41%
Magic:  6/6        EV: 13    Int: 13 (15) God:
Gold:   42         SH:  0    Dex: 11 (13) Spells: 4/6 levels left

rFire   . . .        a - +1 short sword
rCold   . . .        (no shield)
rNeg    . . .        (helmet restricted)
rPois   .            (no amulet)
rElec   .            (no ring)
rCorr   .            (no ring)
SInv    .            (no ring)
Will    .....        (no ring)
Stlth   ++           (no ring)
HPRegen 0.24/turn    (no ring)
MPRegen 0.10/turn    (no ring)
                     (no ring)

%: no passive effects
@: lethally poisoned (0 -> -2)
A: almost no armour, amphibious, 8 rings, camouflage 1, gelatinous body 1,
(nimble swimmer 1), tentacles
a: no special abilities


You were on level 2 of the Dungeon.
You visited 1 branch of the dungeon, and saw 2 of its levels.

You collected 42 gold pieces.

Inventory:

Hand Weapons
 a - a +1 short sword (weapon)
Missiles
 c - 7 boomerangs of dispersal (quivered)
Scrolls
 b - a scroll of blinking
 e - a scroll of enchant armour
Potions
 g - a potion of degeneration


   Skills:
 - Level 3.3 Fighting
 - Level 2.0 Short Blades
 - Level 1.1 Throwing
 + Level 2.5 Dodging
 - Level 2.0 Spellcasting
 - Level 3.1 Translocations


You had 4 spell levels left.
You knew the following spells:

 Your Spells              Type           Power      Damage    Failure   Level
a - Blink                 Tloc           18%        N/A       11%         2

Your spell library contained the following spells:

 Spells                   Type           Power      Damage    Failure   Level
 Apportation              Tloc           18%        N/A       7%          1
 Lesser Beckoning         Tloc           18%        N/A       11%         2
 Teleport Other           Tloc           9%         N/A       22%         3
 Necrotise                Necr           4%         1d4       26%         1
 Summon Small Mammal      Summ           4%         N/A       26%         1
 Vhi's Electric Charge    Tloc/Air       8%         N/A       41%         3
 Volatile Blastmotes      Fire/Tloc      8%         2d10      41%         3
 Manifold Assault         Tloc           9%         N/A       56%         4
 Dazzling Flash           Conj/Hex       0%         N/A       63%         3
 Iskenderun's Mystic Bla  Conj/Tloc      4%         2d3       83%         4
 Starburst                Conj/Fire      0%         6d3       100%        6


Dungeon Overview and Level Annotations

Branches:
Dungeon (2/15)

Altars:

Shops:
D:1 [


Innate Abilities, Weirdness & Mutations

You cannot wear most types of armour.
You are amphibious.
You can wear up to eight rings at the same time.
Your skin changes colour to match your surroundings (Stealth+).
Your rubbery body absorbs attacks. (AC +1, EV +1)
((You are camouflaged when in or above water. (Stealth+)))
You have tentacles for arms and can constrict up to eight enemies at once.


Message History

A kobold and a rat come into view.
Found a stone staircase leading up.
You barely miss the kobold. Your grab misses the kobold.
The kobold hits you with a +0 dagger.
You barely miss the adder. Your grab misses the adder. The adder bites you.
The kobold barely misses you.
You hit the adder but do no damage. Your grab misses the adder.
The adder closely misses you. The kobold hits you with a +0 dagger.
You closely miss the adder. Your grab misses the adder.
You squeeze the adder, but do no damage.
The adder bites you.
You are poisoned.
The adder poisons you! The kobold hits you with a +0 dagger.
The adder bites you.
You are too injured to fight recklessly!
You are too injured to fight recklessly!
You are too injured to fight recklessly!
You are too injured to fight recklessly!
You are too injured to fight recklessly!
You are too injured to fight recklessly!
You are too injured to fight recklessly!
You are too injured to fight recklessly!
You are too injured to fight recklessly!
You are too injured to fight recklessly!
The adder attacks as you move away! The adder misses you.
You feel sick. The kobold attacks as you move away!
The kobold hits you with a +0 dagger.
* * * LOW HITPOINT WARNING * * *
You feel sick.
You see here a frilled lizard corpse.
It was a potion of degeneration.
There was something very wrong with that liquid.
You feel weakened.
You feel dopey.
You feel clumsy.
You feel sick. The kobold hits you with a +0 dagger.
* * * LOW HITPOINT WARNING * * *
It was a potion of magic.
Magic courses through your body.
* * * LOW HITPOINT WARNING * * *
You feel sick. The kobold hits you with a +0 dagger.
* * * LOW HITPOINT WARNING * * *
Okay, then.
You die...

#..#.#.......#
<...#.......#
#..#.$.....#
..........# #........#
#........# #rKS.....#
##K####+## #@# # #.#
.# #.# .. ### #.##)#
..# ####....##
#.###### #.....>..#
#......######........#
#......#.............#
.......#.###.........#


You could see an adder, 2 kobolds and a rat.

Vanquished Creatures
  An adder (D:2)
  A dart slug (D:1)
  2 giant cockroaches (D:1)
  3 goblins (D:1)
  2 hobgoblins
  2 quokkas
  5 ball pythons (D:1)
  3 bats (D:1)
  A frilled lizard (D:2)
  2 kobolds (D:1)
  3 rats
25 creatures vanquished.

Notes
Turn   | Place    | Note
-------+----------+-------------------------------------------
     0 | D:1      | frimble the Octopode Warper began the quest for the Orb.
     0 | D:1      | Reached XP level 1. HP: 14/14 MP: 3/3
   370 | D:1      | Reached XP level 2. HP: 19/19 MP: 5/5
   746 | D:1      | Found Wilyf's Antique Armour Boutique.
  1123 | D:2      | Reached XP level 3. HP: 21/26 MP: 6/6
  1132 | D:2      | Learned a level 2 spell: Blink
  1211 | D:2      | HP: 1/26 [kobold/+0 dagger (2)]
  1212 | D:2      | Succumbed to an adder's poison

Illustrated notes

Levels and vault maps discovered:
D:1:      onia_arrival_mini_maze_b, layout_basic, serial_shops,
          nicolae_shop_pleasant_corner_grove
D:2:      layout_basic

Skill      XL: |  1  2 |
---------------+-------+-----
Fighting       | 3 |  3.3
Short Blades   | |  2.0
Throwing       | |  1.1
Dodging        | |  2.5
Spellcasting   | |  2.0
Translocations | |  3.1

Action                     || total
---------------------------++-------
  Melee: Short sword       ||    60
         Constrict         ||    13
         Tentacles         ||    11
         Punch             ||     1
    Use: Scroll            ||     4
         Potion            ||     2
   Stab: Sleeping          ||     9
 Armour: Skin              ||     4
  Dodge: Dodged            ||    45

Table legend: (Time is in decaauts)
 A = Elapsed time spent in this place.
 B = Non-inter-level travel time spent in this place.
 C = Inter-level travel time spent in this place.
 D = Time resting spent in this place.
 E = Time spent auto-exploring this place.
 F = Levels seen in this place.
 G = Mean time per level.
                   A        B        C        D        E       F      G
               +--------+--------+--------+--------+--------+-----+--------+
         Total |   1205 |   1199 |      6 |      0 |   1018 |   2 |  602.5 |
       Dungeon |   1205 |   1199 |      6 |      0 |   1018 |   2 |  602.5 |
               +--------+--------+--------+--------+--------+-----+--------+

Top non-repeatable levels by time:
     D:1: 1092 daAuts
     D:2: 113 daAuts
